 Dungeon Crawl Stone Soup version 0.21.1-1-g345015f (webtiles) character file.

934712 Lapis the Imperceptible (level 27, -13/249 HPs)
             Began as a Naga Earth Elementalist on Feb 14, 2018.
             Was the Champion of Cheibriados.
             Mangled by Mnoleg (37 damage)
             ... in Pandemonium on Feb 16, 2018.
             The game lasted 09:01:29 (109067 turns).

Lapis the Imperceptible (Naga Earth Elementalist) Turns: 109067, Time: 09:01:30

Health: -13/249    AC: 29    Str: 23 (25) XL:     27
Magic:  8/43       EV: 15    Int: 45 (56) God:    Cheibriados [******]
Gold:   7053       SH: 33    Dex: 23 (27) Spells: 0/68 levels left

rFire    + + +     SeeInvis +   Z - +9 dagger of Circular Logic {flame, +Blink MR+}
rCold    + + +     Gourm    .   N - +8 large shield {rN+}
rNeg     + + +     Faith    .   I - +2 robe of Insecurity {+Fly rC++ MR+ Regen+}
rPois    ∞         Spirit   .   Y - +2 hat {Int+3}
rElec    +         Reflect  .   p - scarf {rC+ rF+}
rCorr    .         Harm     .   S - +0 pair of gloves of Pan-Flutes {rElec rPois Regen+ Str-2}
MR       +++++                  Q - +1 naga barding {rF+}
Stlth    ++++++++++             i - amulet "Suabea" {RegenMP rN+}
HPRegen  1.31/turn              q - ring of Guggag {rF+ rC+ Int+6}
MPRegen  0.53/turn              W - ring "Bugiod" {Str+4 Int+5 Dex-2 Stlth+}

@: lich-form, constricted, very slow
A: large, large bone plates 1, thin skeletal structure 1, see invisible,
deformed body, deterioration 1, frail 1, low mp 1, sense surroundings 1, poison
resistance, slowness 2, slow metabolism 1, spit poison 1, weak 2, constrict 1,
AC +9
}: 6/15 runes: serpentine, barnacled, silver, abyssal, demonic, magical
a: Spit Poison, End Transformation, Bend Time, Temporal Distortion, Slouch, Step
From Time, Renounce Religion, Evoke Blink, Evoke Flight


You were in Pandemonium.
You worshipped Cheibriados.
Cheibriados was exalted by your worship.
You were not hungry.
You were a lich.
You visited 13 branches of the dungeon, and saw 55 of its levels.
You visited Pandemonium 2 times, and saw 13 of its levels.
You visited the Abyss 2 times.
You also visited: Trove, Sewer, Ossuary and Ice Cave.

You collected 11484 gold pieces.
You spent 4431 gold pieces at shops.

Inventory:

Hand Weapons
 H - a +9 eudemon blade of holy wrath
 Z - the +9 dagger of Circular Logic (weapon) {flame, +Blink MR+}
   (You took it off an ogre mage on level 1 of the Vaults)

   It has been specially enchanted to burn those struck by it, causing extra
   injury to most foes and up to half again as much damage against particularly
   susceptible opponents.
   It affects your resistance to hostile enchantments.
   It lets you blink.
Armour
 a - +1 pearl dragon scales
 p - a scarf of resistance (worn)
 z - the +8 orange crystal plate armour {Archmagi, Int+3 Clar}
   (You found it in a treasure trove)

   It affects your intelligence (+3).
   It protects you against confusion.
 B - the +2 ring mail of the Crypt {*Contam rF+ rC+ Int+3}
   (You found it on level 4 of the Depths)

   It affects your intelligence (+3).
   It protects you from fire.
   It protects you from cold.
   It causes magical contamination when unequipped.
 I - the +2 robe of Insecurity (worn) {+Fly rC++ MR+ Regen+}
   (You bought it in a shop on level 2 of the Orcish Mines)

   It greatly protects you from cold.
   It affects your resistance to hostile enchantments.
   It lets you fly.
   It increases your rate of regeneration.
 N - a +8 large shield of positive energy (worn)
 Q - a +1 naga barding of fire resistance (worn)
 S - the +0 pair of gloves of Pan-Flutes (worn) {rElec rPois Regen+ Str-2}
   (You found it on level 1 of the Lair of Beasts)

   It affects your strength (-2).
   It insulates you from electricity.
   It protects you from poison.
   It increases your rate of regeneration.
 Y - a +2 hat of intelligence (worn)
Jewellery
 e - an uncursed ring of resist corrosion
 i - the amulet "Suabea" (around neck) {RegenMP rN+}
   (You found it on level 1 of the Shoals)

   [amulet of magic regeneration]

   It increases your magic regeneration.
   It protects you from negative energy.
 q - the ring of Guggag (left hand) {rF+ rC+ Int+6}
   (You bought it in a shop on level 2 of the Vaults)

   [ring of intelligence]

   It affects your intelligence (+6).
   It protects you from fire.
   It protects you from cold.
 G - the ring "Rorghoes" {rC++ Str-5 SInv Stlth+}
   (You took it off a yaktaur captain on level 2 of the Depths)

   [ring of stealth]

   It affects your strength (-5).
   It greatly protects you from cold.
   It lets you see invisible.
   It makes you more stealthy.
 O - the ring of Phasing {EV+8}
   (You took it off a mummy priest on level 1 of the Tomb of the Ancients)

   [ring of evasion]

   It affects your evasion (+8).
 T - the ring of Atuczos {rN+ MR+ Str+2}
   (You found it in Pandemonium)

   [ring of positive energy]

   It affects your strength (+2).
   It protects you from negative energy.
   It affects your resistance to hostile enchantments.
 W - the ring "Bugiod" (right hand) {Str+4 Int+5 Dex-2 Stlth+}
   (You found it on level 2 of the Vaults)

   [ring of stealth]

   It affects your strength (+4).
   It affects your intelligence (+5).
   It affects your dexterity (-2).
   It makes you more stealthy.
 X - the cursed ring of Kikubaaqudgha's Pride {rPois rC+++ Str-3 Int+3 Dex-3}
   (You took it off an angel in Pandemonium)

   [ring of dexterity]

   It affects your strength (-3).
   It affects your intelligence (+3).
   It affects your dexterity (-3).
   It renders you almost immune to cold.
   It protects you from poison.
   It has a curse placed upon it.
Wands
 f - a wand of clouds (15)
 m - a wand of scattershot (7)
 K - a wand of digging (25)
Scrolls
 b - a scroll of holy word
 k - 23 scrolls of identify
 o - 13 scrolls of immolation
 w - 5 scrolls of fear
 x - 8 scrolls of teleportation
 y - 5 scrolls of brand weapon
 C - a scroll of blinking
 E - 9 scrolls of enchant armour
 F - 12 scrolls of fog
 J - 4 scrolls of summoning
 M - 2 scrolls of enchant weapon
 P - 7 scrolls of magic mapping
 R - 3 scrolls of torment
 U - 18 scrolls of remove curse
 V - 7 scrolls of silence
Potions
 c - 5 potions of cancellation
 g - 6 potions of might
 h - 6 potions of invisibility
 j - 8 potions of heal wounds
 l - 16 potions of flight
 n - 12 potions of agility
 r - 4 potions of magic
 s - 6 potions of resistance
 t - 28 potions of curing
 v - 11 potions of brilliance
Miscellaneous
 u - a fan of gales
 A - a crystal ball of energy
 D - 5 phantom mirrors
 L - a lightning rod (4/4)
Comestibles
 d - 59 rations


   Skills:
 - Level 22.1 Fighting
 - Level 15.6(18.9) Short Blades
 - Level 18.2(20.1) Long Blades
 - Level 11.5 Armour
 - Level 11.5 Dodging
 - Level 25.0 Stealth
 - Level 15.0 Shields
 - Level 21.0 Spellcasting
 - Level 17.6 Conjurations
 - Level 11.0 Hexes
 - Level 14.0 Necromancy
 - Level 14.0 Transmutations
 + Level 6.7 Fire Magic
 - Level 20.0 Earth Magic
 - Level 2.3 Poison Magic
 - Level 16.0 Invocations
 - Level 10.0 Evocations


You couldn't memorise any spells.
You knew the following spells:

 Your Spells              Type           Power        Failure   Level  Hunger
a - Necromutation         Tmut/Necr      ########..   9%          8    N/A
b - Passwall              Tmut/Erth      ########..   0%          2    N/A
c - Iron Shot             Conj/Erth      ########..   1%          6    N/A
d - Petrify               Tmut/Erth      ########     0%          4    N/A
e - Lee's Rapid Deconstr  Erth           ########..   0%          5    N/A
f - Confuse               Hex            #######.     0%          3    N/A
g - Tukima's Dance        Hex            #######.     0%          3    N/A
h - Yara's Violent Unrav  Hex/Tmut       ########..   1%          5    N/A
i - Mephitic Cloud        Conj/Pois/Air  #######.     1%          3    N/A
j - Apportation           Tloc           #####.       1%          1    N/A
k - Statue Form           Tmut/Erth      ########.    1%          6    N/A
l - Blink                 Tloc           N/A          1%          2    N/A
m - Lehudib's Crystal Sp  Conj/Erth      ########..   1%          8    N/A
n - Sublimation of Blood  Necr           ########..   0%          2    N/A
o - Ensorcelled Hibernat  Hex/Ice        ######       1%          2    N/A
p - Ignition              Fire           #######...   86%         8    N/A

Dungeon Overview and Level Annotations

Branches:
Dungeon (15/15)            Temple (1/1) D:4            Lair (6/6) D:11
 Shoals (4/4) Lair:3        Snake (4/4) Lair:4        Slime (0/5) Lair:5
    Orc (2/2) D:11            Elf (3/3) Orc:2        Vaults (5/5) D:13
  Crypt (3/3) Vaults:3       Tomb (2/3) Crypt:3      Depths (5/5) D:15
   Hell (1/1)                 Dis (0/7) Hell            Geh (0/7) Hell
    Coc (0/7) Hell            Tar (0/7) Hell            Zot (4/5) Depths:5

Altars:
Ashenzari
Cheibriados
Dithmenos
Elyvilon
Fedhas
Gozag
Hepliaklqana
Kikubaaqudgha
Makhleb
Nemelex Xobeh
Okawaru
Qazlal
Ru
Sif Muna
Trog
Uskayaw
Vehumet
Wu Jian
Xom
Yredelemnul
Zin
The Shining One
Beogh
Jiyva

Shops:
D:11 !   Orc:2 *[*[%   Elf:2 ?(%   Snake:2 :   Vaults:2 =:   Vaults:4 %

Portals:
Hell: Depths:1 Depths:2 Depths:3 Depths:4 Depths:5
Abyss: Depths:4
Pandemonium: Depths:3 Depths:4 Depths:5
Ziggurat: Depths:1

Annotations:
Lair:4 exclusion: oklob plant
Lair:6 exclusion: 4 oklob plants
Shoals:1 1 transporter
Pan Mnoleg


Innate Abilities, Weirdness & Mutations

You cannot wear boots.
Your serpentine skin is tough. (AC +9)
You have supernaturally acute eyesight. (SInv)
Armour fits poorly on your strangely shaped body.
Your system is resistant to poisons. (rPois)
You cover ground very slowly.
You have a slow metabolism.
You can spit poison.
You can use your snake-like lower body to constrict enemies.
You are partially covered in large bone plates. (SH +4)
You have a somewhat thin skeletal structure. (Dex +2, Stealth)
Your body sometimes deteriorates upon taking damage.
You are frail. (-10% HP)
Your magical capacity is low. (-10% MP)
You passively map a small area around you.
You are very weak. (Str -4)


Message History

The tentacled monstrosity tentacle-slaps you but does no damage.
The tentacled monstrosity tentacle-slaps you!
* * * LOW HITPOINT WARNING * * *
You block the tentacled monstrosity's attack.
You block the large abomination's attack.
Unknown command.
Unknown command.
Okay, then.
Okay, then.
Evoke which item? (* to show all) (? for menu, Esc to quit)
Aiming: Phantom Mirror
Press: ? - help, Dir - move target cursor, f - Mnoleg
Aim: Mnoleg (severely wounded)
You reflect Mnoleg with the mirror, and the mirror shatters!
You block the tentacled monstrosity's attack. x2
The tentacled monstrosity tentacle-slaps you but does no damage.
* * * LOW HITPOINT WARNING * * *
The tentacled monstrosity constricts you.
Mnoleg claws you!!!
You die...

**,,,** **,,,*
**,,,** ##**#..#
**,,,**##φ#*#..#
**,,.*#.#.*#..#
**,..#...##..#
**.....X....#
*#...─w&X§§# *
#.*─..X&..# **
*#....XXXL§# ,**
**.......XX.#
,,**
**,..######..#
,,,***,,,** #..#
*,,,*,,,** #..#
**,,,,,** #..#
**,,,** #..#
**,,,** #..#
*,,,** #..#


You could see Mnoleg, 3 tentacled monstrosities, an eldritch tentacle, 5 large
abominations and the friendly Mnoleg.

Vanquished Creatures
  Lom Lobon (Pan)
  A seraph (Pan)
  Mennas (Tomb:1)
  4 ancient liches
  A juggernaut (Depths:2)
  Mara (Vaults:5)
  23 greater mummies
  Vashnia (Snake:2)
  Bai Suzhen (Snake:4)
  Frederick (Crypt:3)
  3 caustic shrikes
  10 golden dragons
  Geryon (Hell)
  Nikola (Elf:1)
  3 bone dragons
  4 Tzitzimimeh (Pan)
  Jorgrun (Tomb:1)
  4 Brimstone Fiends (Pan)
  3 hellephants
  9 pandemonium lords (Pan)
  9 Hell Sentinels
  2 Ice Fiends (Pan)
  2 deep elf blademasters (Elf:3)
  3 titans (Vaults:5)
  9 tentacled monstrosities
  An acid blob (Depths:5)
  2 deep elf master archers (Elf:3)
  Asterion (Depths:1)
  2 death cobs (Zot:1)
  7 liches
  A quicksilver dragon (shapeshifter) (Depths:2)
  5 quicksilver dragons
  11 sphinxes
  6 ancient champions
  Murray (Depths:1)
  14 tentacled starspawn
  Kirke (Elf:1)
  12 Executioners
  Agnes (Elf:1)
  12 shadow dragons
  13 tengu reavers
  12 nagarajas
  13 storm dragons
  9 fire giants
  4 warmongers (Pan)
  Donald (Snake:4)
  3 azure jellies (Depths:5)
  A draconian monk (Zot:1)
  9 daevas (Pan)
  Ilsuiw (Shoals:4)
  A draconian knight (Zot:3)
  4 draconian scorchers
  4 deep elf sorcerers
  Louise (Depths:4)
  7 ghost moths
  20 cacodemons
  5 revenants
  11 frost giants
  13 vault wardens
  3 iron dragons
  A draconian stormcaller (Zot:4)
  2 curse skulls
  2 orc warlords (Depths:1)
  3 deep elf elementalists (Elf:3)
  13 balrugs
  4 draconian shifters
  3 spriggan defenders
  7 ghouls
  30 reapers
  14 angels
  18 stone giants
  22 ironheart preservers
  29 very ugly things
  6 war gargoyles
  11 ophanim
  6 bennus
  5 draconian annihilators
  An entropy weaver (shapeshifter) (Vaults:1)
  7 corrupters (Pan)
  11 apis (Pan)
  3 entropy weavers
  11 deep elf demonologists
  13 blood saints (Pan)
  59 starcursed masses
  12 lorocyprocas
  Nessos (Orc:2)
  3 vampire knights
  Azrael (D:14)
  7 black draconians
  10 deep elf annihilators
  8 black suns (Pan)
  8 green draconians
  6 red draconians
  5 purple draconians
  6 white draconians
  11 yellow draconians
  The ghost of ceb the Fighter, a journeyman HOFi of Beogh (Orc:1)
  4 eidola
  4 crystal guardians
  12 deep elf death magi
  9 merfolk javelineers
  4 jiangshi
  19 blizzard demons
  31 green deaths
  17 ettins
  14 merfolk impalers
  12 fire dragons
  8 mummy priests
  3 quicksilver dragon zombies (Hell)
  A quicksilver dragon skeleton (Crypt:3)
  10 ice dragons
  15 great orbs of eyes
  5 deep elf high priests
  19 yaktaur captains
  6 spriggan air magi
  13 naga warriors
  6 monstrous demonspawn
  27 vault guards
  12 hydras
  5 hell beasts (Pan)
  An alligator snapping turtle (Shoals:1)
  10 rakshasas
  2 catoblepae
  9 centaur warriors
  3 merfolk avatars
  3 death yaks
  2 satyrs
  61 two-headed ogres
  8 death knights
  30 dancing weapons
  6 tengu warriors
  6 holy swine (Pan)
  11 deep troll shamans
  11 anacondas
  24 ogre magi
  3 merfolk aquamancers
  8 hell hogs
  8 thrashing horrors
  11 deep troll earth magi
  18 death scarabs
  68 sun demons
  14 naga sharpshooters
  A titan zombie (Hell)
  A storm dragon zombie (Hell)
  16 wretched stars
  3 spriggan berserkers
  4 vampire magi
  39 soul eaters
  36 deep elf knights
  9 shock serpents
  An iron golem (Hell)
  2 titan skeletons
  9 iron trolls
  18 hell knights
  29 sixfirhies
  3 fire crabs
  9 cherubim (Pan)
  A fire crab (shapeshifter) (Vaults:5)
  3 shadow wraiths
  28 deep trolls
  7 gelid demonspawn (Pan)
  22 sea snakes
  2 storm dragon skeletons
  6 salamander mystics
  20 shadow demons
  27 skeletal warriors
  A golden dragon zombie (Hell)
  3 unseen horrors
  3 spatial maelstroms
  4 glowing orange brains
  7 infernal demonspawn (Pan)
  13 ironbrand convokers
  105 large abominations
  A spark wasp zombie (Crypt:1)
  6 wizards
  A swamp dragon (Abyss:4)
  11 deep elf archers
  9 torturous demonspawn (Pan)
  2 shadow dragon zombies
  An orange crystal statue (D:15)
  7 phantasmal warriors
  4 flayed ghosts
  A harpy (Shoals:4)
  A lindwurm (Lair:6)
  An anaconda skeleton (Hell)
  17 orc knights
  9 naga ritualists
  4 necromancers
  52 ugly things
  A wolf spider zombie (Crypt:1)
  58 deep elf magi
  2 shining eyes (Depths:1)
  11 fauns
  12 mana vipers
  6 wolf spiders
  6 orc sorcerers
  24 salamanders
  8 worldbinders
  13 cyclopes
  A fire giant zombie (Hell)
  A frost giant zombie (Crypt:3)
  19 moths of wrath
  21 manticores
  4 centaur zombies
  An iron dragon skeleton (Crypt:3)
  10 merfolk sirens
  20 elephants
  6 fire giant skeletons
  88 smoke demons
  A guardian serpent (shapeshifter) (Vaults:3)
  A shock serpent zombie (Crypt:2)
  6 apocalypse crabs
  2 black mambas (shapeshifter)
  A stone giant skeleton (Crypt:3)
  2 frost giant skeletons
  8 guardian serpents
  6 rust devils
  49 black mambas
  17 orange demons
  An ice statue (IceCv)
  A storm dragon simulacrum (Vaults:3)
  A torpor snail (Lair:1)
  5 water nymphs
  25 spiny frogs
  24 naga magi
  A molten gargoyle (Hell)
  An elf zombie (Hell)
  An eye of devastation (Depths:1)
  A spiny frog (shapeshifter) (Vaults:2)
  6 gargoyles
  10 vault sentinels
  4 rime drakes
  A purple draconian zombie (Tomb:1)
  A tormentor (Pan)
  A komodo dragon (shapeshifter) (Elf:1)
  10 freezing wraiths
  8 komodo dragons
  4 kobold demonologists (Depths:4)
  2 shock serpent skeletons
  A sea snake zombie (Crypt:1)
  30 demonic crawlers
  5 efreet
  40 hellions
  44 yaktaurs
  A catoblepas skeleton (Crypt:3)
  3 ice devils
  18 red devils
  20 guardian mummies
  38 hellwings
  14 ancient zymes
  5 tengu conjurers
  47 merfolk
  9 trolls
  6 wind drakes
  A jumping spider (Vaults:4)
  15 polar bears
  A wind drake (shapeshifter) (Vaults:2)
  7 hornets
  A meliai (shapeshifter) (Vaults:1)
  3 tyrant leeches (Lair:6)
  2 hydra zombies
  A harpy skeleton (Crypt:2)
  A shadow dragon simulacrum (Vaults:3)
  A sphinx simulacrum (Vaults:4)
  2 spriggan zombies (Hell)
  A minotaur skeleton (Crypt:1)
  35 blink frogs
  3 blink frogs (shapeshifter)
  A bog body (Crypt:2)
  A hippogriff (shapeshifter) (Vaults:2)
  A hydra skeleton (Hell)
  36 raiju
  14 slime creatures
  2 ettin zombies (Hell)
  A dream sheep (Lair:6)
  2 alligator zombies (Hell)
  10 snapping turtles
  17 hippogriffs
  A fire dragon zombie (Crypt:3)
  A guardian serpent skeleton (Crypt:1)
  11 fire dragon skeletons (Crypt:3)
  2 spriggans
  11 flying skulls
  4 wraiths
  10 air elementals
  A black mamba zombie (Crypt:3)
  6 shadows
  3 tarantellas (Orc:1)
  3 redbacks (Vaults:2)
  A wyvern (D:14)
  57 ynoxinuls
  9 fire bats
  42 water elementals
  10 fire elementals
  5 ushabtiu
  An alligator skeleton (Hell)
  2 black mamba skeletons
  3 hogs (Elf:1)
  35 yaks
  5 hungry ghosts
  A basilisk (shapeshifter) (Elf:2)
  3 basilisks
  A steam dragon (Lair:2)
  59 chaos spawn
  44 neqoxecs
  A human simulacrum (Vaults:3)
  Edmund (D:5)
  10 vampire mosquitoes
  2 spatial vortices
  A yaktaur simulacrum (Vaults:1)
  2 tengu zombies (Hell)
  4 insubstantial wisps (Abyss:4)
  8 wargs
  A hydra simulacrum (Hell)
  2 spiny frog zombies (Hell)
  Duvessa (D:7)
  An acid dragon (Vaults:2)
  60 nagas
  6 hell hounds
  A soldier ant (D:10)
  15 water moccasins
  2 floating eyes
  A floating eye (shapeshifter) (Vaults:1)
  12 porcupines
  A spiny frog skeleton (Crypt:3)
  3 black bears
  7 eyes of draining
  24 orc warriors
  A fire dragon simulacrum (Abyss:4)
  6 sky beasts
  12 ice beasts
  A phantom (D:10)
  A boggart (Depths:1)
  3 necrophages
  6 centaurs
  75 ogres
  24 small abominations
  21 wolves
  A manticore skeleton (Crypt:3)
  2 snapping turtle skeletons
  14 crocodiles
  A swamp dragon skeleton (Crypt:1)
  A komodo dragon zombie (Crypt:1)
  8 big kobolds
  26 bullfrogs
  3 earth elementals
  A human skeleton (Vaults:4)
  A wyvern zombie (D:8)
  A rime drake skeleton (Crypt:2)
  Dowan (D:7)
  A wyvern skeleton (D:10)
  2 scorpions
  An elf simulacrum (Vaults:4)
  10 killer bees
  19 wights
  8 electric eels
  4 howler monkeys
  A wolf zombie (Crypt:1)
  14 crimson imps
  3 bullfrog zombies
  20 jellies
  A demonspawn zombie (Crypt:1)
  3 quasits
  4 centaur skeletons
  8 hounds
  14 orc priests
  4 iron imps
  3 bullfrog skeletons
  28 orc wizards
  3 iguanas
  9 hell rats
  12 worker ants
  A killer bee zombie (Crypt:1)
  6 big kobold zombies (Ossuary)
  A hound skeleton (D:8)
  44 mummies
  A howler monkey zombie (D:7)
  8 gnolls
  A gnoll (shapeshifter) (Vaults:5)
  24 adders
  5 river rats
  7 shadow imps
  5 white imps
  8 ufetubi
  22 oozes
  An adder zombie (D:9)
  An adder skeleton (D:8)
  5 worms
  6 ball lightnings (Pan)
  3 dart slugs
  10 leopard geckos
  95 orcs
  4 ball pythons
  5 bats
  A bat skeleton (Crypt:2)
  5 giant cockroaches
  6 gnoll zombies (Ossuary)
  13 goblins
  4 hobgoblins
  13 jackals (D:3)
  7 quokkas
  A ball python zombie (D:5)
  5 bat simulacra (Ossuary)
  7 frilled lizards
  3 goblin simulacra (Ossuary)
  7 goblin zombies (Ossuary)
  4 hobgoblin zombies (Ossuary)
  A jackal zombie (D:7)
  17 kobolds
  4 kobold simulacra (Ossuary)
  A kobold zombie (Ossuary)
  A leopard gecko skeleton (D:4)
  An orc simulacrum (Crypt:1)
  6 orc zombies (Ossuary)
  A quokka zombie (D:5)
  15 rats
  5 rat simulacra (Ossuary)
  3 spectral goblins (Ossuary)
  5 spectral kobolds (Ossuary)
  A butterfly (Lair:5)
  8 crawling corpses
  3 fungi
  3 lurking horrors
  11 starspawn tentacles
4060 creatures vanquished.

Vanquished Creatures (collateral kills)
  The ghost of Baghtru the Cleaver, a journeyman HOFi of the Shining One (Lair:4)
  A plant (Lair:4)
2 creatures vanquished.

Vanquished Creatures (others)
  A tengu reaver (Depths:4)
  A deep elf sorcerer (Vaults:3)
  A draconian knight (Zot:4)
  A blood saint (Pan)
  A stone giant (Depths:1)
  A merfolk javelineer (Shoals:4)
  A satyr (Shoals:3)
  30 death scarabs
  A shadow demon (Pan)
  A skeletal warrior (Tomb:2)
  3 wizards (Pan)
  An ugly thing (Depths:5)
  A deep elf mage (Elf:1)
  2 fauns (Shoals:3)
  A fire giant skeleton (Tomb:1)
  4 smoke demons (Pan)
  A centaur skeleton (D:14)
  An orange demon (Pan)
  7 yaktaurs
  A tormentor (Abyss:4)
  A hellwing (Pan)
  An ice devil (Abyss:4)
  3 large abominations
  3 polar bears (IceCv)
  A raiju (Abyss:4)
  2 flying skulls (Tomb:2)
  A meliai zombie (D:15)
  A ynoxinul (Pan)
  A dancing weapon (D:7)
  A chaos spawn (Pan)
  A fire bat (Pan)
  A hell hound (Abyss:1)
  An orc warrior (Vaults:5)
  An ice beast (D:7)
  An ogre (shapeshifter) (Vaults:5)
  An ogre (Vaults:5)
  4 wolves (IceCv)
  4 small abominations
  A quasit (Abyss:4)
  An orc wizard (D:14)
  A mummy (Tomb:1)
  A shadow imp (Abyss:2)
  An ufetubus (Abyss:4)
  10 ball lightnings (Pan)
  An orc (Vaults:4)
  4 demonic plants (Pan)
  29 fungi
  2 lurking horrors
  98 plants
  29 starspawn tentacles
  A withered plant (Crypt:3)
269 creatures vanquished.

Grand Total: 4331 creatures vanquished

Notes
Turn   | Place    | Note
-------+----------+-------------------------------------------
     0 | D:1      | Lapis the Naga Earth Elementalist began the quest for the Orb.
     0 | D:1      | Reached XP level 1. HP: 15/15 MP: 3/3
   294 | D:1      | Reached XP level 2. HP: 22/22 MP: 5/5
   591 | D:2      | Reached XP level 3. HP: 22/28 MP: 3/6
   655 | D:1      | Learned a level 2 spell: Passwall
   659 | D:1      | Learned a level 3 spell: Stone Arrow
  1041 | D:2      | Reached XP level 4. HP: 31/36 MP: 7/7
  1049 | D:2      | Found an ancient bone altar of Kikubaaqudgha.
  1242 | D:2      | Found an iron altar of Okawaru.
  1538 | D:3      | Reached skill level 1 in Conjurations
  1802 | D:3      | Found a glowing drain.
  1836 | D:3      | Reached skill level 1 in Shields
  1850 | Sewer    | Entered a sewer
  2051 | Sewer    | Reached XP level 5. HP: 42/42 MP: 6/9
  2234 | Sewer    | Noticed a big kobold
  2243 | Sewer    | Killed a big kobold
  2363 | Sewer    | Reached XP level 6. HP: 45/49 MP: 7/10
  2473 | Sewer    | Learned a level 4 spell: Petrify
  2637 | Sewer    | Reached skill level 5 in Earth Magic
  2643 | Sewer    | Reached XP level 7. HP: 31/55 MP: 2/12
  3704 | D:4      | Found a sand-covered staircase.
  3769 | Ossuary  | Entered an ossuary
  4232 | Ossuary  | Gained mutation: Your tail ends in a poisonous barb. [potion of mutation]
  4232 | Ossuary  | Gained mutation: Your flesh is cold resistant. (rC+) [potion of mutation]
  4251 | Ossuary  | Reached XP level 8. HP: 54/62 MP: 15/15
  4359 | Ossuary  | Learned a level 5 spell: Lee's Rapid Deconstruction
  4863 | D:4      | Found a staircase to the Ecumenical Temple.
  4873 | Temple   | Entered the Ecumenical Temple
  5169 | D:4      | Reached skill level 5 in Spellcasting
  5259 | D:5      | Entered Level 5 of the Dungeon
  5259 | D:5      | Noticed Edmund
  5276 | D:5      | Killed Edmund
  5916 | D:5      | You fall through a shaft!
  5931 | D:6      | Learned a level 3 spell: Confuse
  6085 | D:6      | Reached skill level 1 in Hexes
  6206 | D:6      | Reached XP level 9. HP: 68/68 MP: 18/18
  6432 | D:6      | Found a hide-covered altar of Uskayaw.
  7052 | D:7      | Found a radiant altar of Vehumet.
  7257 | D:7      | Found a shattered altar of Ashenzari.
  7257 | D:7      | Found a bloodstained altar of Trog.
  7258 | D:7      | Found a deep blue altar of Sif Muna.
  7267 | D:7      | Found a snail-covered altar of Cheibriados.
  7280 | D:7      | Became a worshipper of Cheibriados the Contemplative
  7436 | D:7      | Learned a level 3 spell: Tukima's Dance
  7438 | D:7      | Noticed Duvessa
  7438 | D:7      | Noticed Dowan
  7445 | D:7      | Reached skill level 1 in Invocations
  7453 | D:7      | Killed Duvessa
  7453 | D:7      | Reached skill level 1 in Fighting
  7461 | D:7      | Killed Dowan
  7461 | D:7      | Reached * piety under Cheibriados
  7817 | D:8      | Reached skill level 5 in Conjurations
  7938 | D:8      | Reached XP level 10. HP: 62/79 MP: 21/21
  8410 | D:8      | Reached ** piety under Cheibriados
  8631 | D:8      | Reached skill level 1 in Armour
  8646 | D:8      | Found a sacrificial altar of Ru.
  9535 | D:9      | Noticed a two-headed ogre
  9542 | D:9      | Killed a two-headed ogre
  9710 | D:9      | Reached *** piety under Cheibriados
 10510 | D:10     | Entered Level 10 of the Dungeon
 10510 | D:10     | Found a glowing silver altar of Zin.
 10510 | D:10     | Noticed a two-headed ogre
 10515 | D:10     | Killed a two-headed ogre
 10515 | D:10     | Reached XP level 11. HP: 90/90 MP: 22/23
 10869 | D:10     | Reached **** piety under Cheibriados
 11106 | D:10     | Noticed a two-headed ogre
 11112 | D:10     | Killed a two-headed ogre
 11510 | D:10     | Learned a level 5 spell: Yara's Violent Unravelling
 11984 | D:11     | Found a staircase to the Lair.
 11984 | D:11     | Noticed a death yak
 11986 | D:11     | Noticed a death yak
 11988 | D:11     | Noticed a death yak
 11992 | D:10     | Killed a death yak
 11992 | D:10     | Reached skill level 5 in Invocations
 12160 | D:11     | Reached ***** piety under Cheibriados
 12850 | D:11     | Killed a death yak
 12858 | D:11     | Killed a death yak
 13089 | D:11     | Found Afys's Distillery.
 13095 | D:11     | Bought a potion of curing for 33 gold pieces
 13095 | D:11     | Bought a potion of curing for 33 gold pieces
 13095 | D:11     | Bought a potion of curing for 33 gold pieces
 13095 | D:11     | Bought a potion of curing for 33 gold pieces
 13178 | D:11     | Reached skill level 10 in Earth Magic
 13178 | D:11     | Reached XP level 12. HP: 102/102 MP: 23/25
 13239 | D:11     | Found a staircase to the Orcish Mines.
 13388 | D:11     | Found a roughly hewn altar of Beogh.
 13407 | D:11     | Found a deep blue altar of Sif Muna.
 13488 | D:11     | Reached skill level 5 in Fighting
 13813 | Lair:1   | Entered Level 1 of the Lair of Beasts
 13931 | Lair:1   | Got a pair of transparent gloves
 13983 | D:11     | Identified the +0 pair of gloves of Pan-Flutes {rElec rPois Regen+ Str-2} (You found it on level 1 of the Lair of Beasts)
 15443 | Lair:1   | Reached skill level 10 in Spellcasting
 16099 | Lair:2   | Learned a level 3 spell: Mephitic Cloud
 16684 | Lair:3   | Reached skill level 4 in Stealth
 16691 | Lair:3   | Reached ****** piety under Cheibriados
 16694 | Lair:3   | Reached skill level 5 in Stealth
 16734 | Lair:3   | Gained mutation: You can use your snake-like lower body to constrict enemies. [Naga growth]
 16734 | Lair:3   | Reached XP level 13. HP: 101/109 MP: 26/27
 16843 | Lair:3   | Reached skill level 7 in Stealth
 16852 | Lair:3   | Reached skill level 8 in Stealth
 17132 | Lair:3   | Found a staircase to the Shoals.
 17146 | Lair:3   | Reached skill level 9 in Stealth
 17870 | Lair:4   | Reached skill level 10 in Stealth
 18288 | Lair:4   | Identified a scroll of acquirement
 18292 | Lair:4   | Got a faintly glowing naga barding
 18298 | Lair:4   | Identified the +0 naga barding of Restlessness {rF+ MP-9 Slay+3} (You acquired it on level 4 of the Lair of Beasts)
 18344 | Lair:4   | Found a staircase to the Snake Pit.
 18356 | Lair:4   | Reached skill level 5 in Shields
 18460 | Snake:1  | Entered Level 1 of the Snake Pit
 18745 | Lair:4   | Noticed Baghtru's ghost (journeyman HOFi)
 18776 | Lair:4   | Killed Baghtru's ghost
 19516 | Lair:5   | Reached skill level 1 in Short Blades
 19608 | Lair:5   | Found a staircase to the Slime Pits.
 19686 | Lair:6   | Entered Level 6 of the Lair of Beasts
 20109 | Lair:6   | Reached XP level 14. HP: 97/117 MP: 28/28
 20345 | Lair:5   | Learned a level 3 spell: Regeneration
 20481 | Lair:5   | Reached skill level 1 in Poison Magic
 22449 | Lair:6   | Reached skill level 5 in Armour
 23056 | Lair:6   | Found a bloodstained altar of Trog.
 24394 | Orc:1    | Entered Level 1 of the Orcish Mines
 24964 | Orc:1    | Noticed ceb's ghost (journeyman HOFi)
 25086 | Orc:2    | Entered Level 2 of the Orcish Mines
 25235 | Orc:2    | Found a frozen archway.
 25250 | IceCv    | Entered an ice cave
 25321 | IceCv    | Reached XP level 15. HP: 109/123 MP: 30/30
 26027 | IceCv    | Reached skill level 5 in Dodging
 26462 | IceCv    | Noticed a frost giant
 26470 | IceCv    | Killed a frost giant
 27883 | D:12     | Got a bloodstained shield
 27894 | D:12     | Identified the +0 shield of Rotation {Stlth+} (You found it on level 12 of the Dungeon)
 28755 | D:13     | Found a gate to the Vaults.
 28861 | D:13     | Got a wavering tin ring
 28947 | D:11     | Learned a level 5 spell: Borgnjor's Vile Clutch
 29147 | Orc:1    | Killed ceb's ghost
 29750 | Orc:2    | Found Gepp's Food Emporium.
 29785 | Orc:2    | Found a roughly hewn altar of Beogh.
 29785 | Orc:2    | Noticed Nessos
 29789 | Orc:2    | Killed Nessos
 30257 | Orc:1    | Reached XP level 16. HP: 74/135 MP: 17/32
 30715 | Orc:2    | Found Syorgh's Assorted Antiques.
 30715 | Orc:2    | Found Dokiu's Armour Shop.
 30716 | Orc:2    | Found Yhymonk's General Store.
 30716 | Orc:2    | Found Wipnus's Antique Armour Emporium.
 30727 | Orc:2    | Bought a pitted plate armour for 728 gold pieces
 30727 | Orc:2    | Identified the cursed +0 plate armour "Nuich" {rC+ Stlth+} (You bought it in a shop on level 2 of the Orcish Mines)
 30729 | Orc:2    | Identified the ring of Neokh {rC+ Dex+3} (You found it on level 13 of the Dungeon)
 30734 | Orc:2    | Bought a wizard robe for 148 gold pieces
 30744 | Orc:2    | Identified the +2 robe of Insecurity {+Fly rC++ MR+ Regen+} (You bought it in a shop on level 2 of the Orcish Mines)
 30932 | Orc:2    | Found a staircase to the Elven Halls.
 31417 | Elf:1    | Entered Level 1 of the Elven Halls
 31421 | Elf:1    | Reached skill level 10 in Conjurations
 33178 | D:14     | Reached skill level 11 in Stealth
 33498 | D:14     | Noticed Azrael
 33715 | D:14     | Killed Azrael
 35122 | D:14     | Reached skill level 12 in Stealth
 35570 | D:15     | Entered Level 15 of the Dungeon
 35575 | D:15     | Reached skill level 13 in Stealth
 36087 | D:15     | Reached skill level 14 in Stealth
 36311 | D:15     | Found a runed door.
 36837 | D:15     | Reached XP level 17. HP: 141/144 MP: 27/33
 36964 | D:15     | Learned a level 2 spell: Blink
 37092 | D:15     | Found a staircase to the Depths.
 37163 | Depths:1 | Entered Level 1 of the Depths
 37923 | Shoals:1 | Entered Level 1 of the Shoals
 38575 | Shoals:1 | Found a transporter.
 39197 | Shoals:1 | Found a transporter.
 39818 | Shoals:1 | Reached skill level 10 in Invocations
 39917 | Shoals:1 | Learned a level 6 spell: Statue Form
 39972 | Shoals:1 | Got a heavily runed lead amulet
 39973 | Shoals:1 | Identified the amulet "Suabea" {RegenMP rN+} (You found it on level 1 of the Shoals)
 39993 | Shoals:1 | Got a wavering tin amulet
 39994 | Shoals:1 | Identified the amulet "Qoedue" {Inacc rPois rN+++ MR- Int-3 Dex+5} (You found it on level 1 of the Shoals)
 40732 | Snake:1  | Reached skill level 5 in Transmutations
 42101 | Snake:2  | Found Voucomm's Book Shoppe.
 42136 | Snake:2  | Bought a book of Annihilations for 1214 gold pieces
 42393 | Snake:3  | Reached skill level 10 in Fighting
 42567 | Snake:3  | Reached XP level 18. HP: 82/160 MP: 1/35
 42761 | Snake:3  | Found a sacrificial altar of Ru.
 43824 | Snake:3  | Reached skill level 10 in Dodging
 44385 | Snake:2  | Reached skill level 1 in Long Blades
 44679 | Snake:2  | Noticed Vashnia
 44702 | Snake:2  | Killed Vashnia
 44702 | Snake:2  | Reached skill level 5 in Long Blades
 45523 | Snake:4  | Entered Level 4 of the Snake Pit
 45705 | Snake:4  | Reached skill level 15 in Stealth
 46208 | Snake:4  | Reached XP level 19. HP: 167/168 MP: 36/36
 46348 | Snake:4  | Noticed Donald
 46357 | Snake:4  | Killed Donald
 46616 | Snake:4  | Noticed Bai Suzhen
 46768 | Snake:4  | Killed Bai Suzhen
 47450 | Snake:4  | Got a serpentine rune of Zot
 47749 | D:11     | Bought 2 potions of mutation for 176 gold pieces
 47749 | D:11     | Bought a potion of magic for 88 gold pieces
 47813 | Vaults:1 | Entered Level 1 of the Vaults
 49058 | Vaults:1 | Reached skill level 15 in Spellcasting
 49083 | Vaults:1 | Reached XP level 20. HP: 134/176 MP: 39/39
 49265 | Vaults:1 | Reached skill level 15 in Earth Magic
 49340 | Vaults:1 | Reached skill level 16 in Stealth
 49592 | Vaults:1 | Got a bloodstained dagger {flame}
 49593 | Vaults:1 | Identified the +9 dagger of Circular Logic {flame, +Blink MR+} (You took it off an ogre mage on level 1 of the Vaults)
 49680 | Vaults:2 | Reached skill level 17 in Stealth
 49871 | Vaults:2 | Reached skill level 18 in Stealth
 50053 | Vaults:2 | Found Qioshresh's Book Boutique.
 50123 | Vaults:2 | Reached skill level 19 in Stealth
 50338 | Vaults:2 | Reached skill level 20 in Stealth
 50838 | Vaults:2 | Reached skill level 21 in Stealth
 51018 | Vaults:2 | Learned a level 8 spell: Lehudib's Crystal Spear
 51311 | Vaults:2 | Found Eggih's Jewellery Shop.
 51377 | Vaults:2 | Got a scintillating marble ring
 51378 | Vaults:2 | Identified the ring "Bugiod" {Str+4 Int+5 Dex-2 Stlth+} (You found it on level 2 of the Vaults)
 51615 | Vaults:3 | Reached skill level 22 in Stealth
 51738 | Vaults:3 | Reached skill level 5 in Short Blades
 52493 | Vaults:3 | Reached XP level 21. HP: 183/183 MP: 40/40
 52860 | Vaults:3 | Reached skill level 10 in Short Blades
 53238 | Vaults:3 | Found a staircase to the Crypt.
 53435 | Vaults:2 | Bought the ring of Guggag {rF+ rC+ Int+6} for 1272 gold pieces
 53560 | Crypt:1  | Entered Level 1 of the Crypt
 54037 | Crypt:1  | Got a twisted plate armour
 54038 | Crypt:1  | Identified the cursed +1 plate armour "Gyghup" {-Cast rElec rPois Int+6} (You found it on level 1 of the Crypt)
 55739 | Crypt:3  | Entered Level 3 of the Crypt
 56222 | Crypt:3  | Noticed a bone dragon
 56227 | Crypt:3  | Killed a bone dragon
 56284 | Crypt:3  | Reached skill level 15 in Conjurations
 56291 | Crypt:3  | Identified the ring "Mewnebb" {Ice Dex+3} (You found it on level 3 of the Crypt)
 56813 | Crypt:3  | Reached XP level 22. HP: 190/190 MP: 41/41
 57112 | Crypt:3  | Found an ancient bone altar of Kikubaaqudgha.
 57114 | Crypt:3  | Noticed an ancient lich
 57121 | Crypt:3  | Killed an ancient lich
 57124 | Crypt:3  | Noticed an ancient lich
 57142 | Crypt:3  | Killed an ancient lich
 57237 | Crypt:3  | Noticed an ancient lich
 57249 | Crypt:3  | Killed an ancient lich
 57268 | Crypt:3  | Learned a level 2 spell: Sublimation of Blood
 57338 | Crypt:3  | Noticed Frederick
 57350 | Crypt:3  | Killed Frederick
 57403 | Crypt:3  | Found a staircase to the Tomb.
 57412 | Tomb:1   | Entered Level 1 of the Tomb of the Ancients
 57412 | Tomb:1   | Noticed Jorgrun
 57415 | Tomb:1   | Noticed a greater mummy
 57415 | Tomb:1   | Killed Jorgrun
 57415 | Tomb:1   | Reached skill level 5 in Evocations
 57422 | Tomb:1   | Noticed a greater mummy
 57548 | Crypt:3  | Killed a greater mummy
 57591 | Tomb:1   | Noticed a greater mummy
 57591 | Tomb:1   | Killed a greater mummy
 57603 | Crypt:3  | Killed a greater mummy
 57722 | Tomb:1   | Noticed a greater mummy
 57760 | Tomb:1   | Killed a greater mummy
 57841 | Tomb:1   | Noticed a greater mummy
 57913 | Tomb:1   | Killed a greater mummy
 57914 | Tomb:1   | Noticed a greater mummy
 57991 | Tomb:1   | Killed a greater mummy
 58497 | Vaults:4 | Reached skill level 10 in Evocations
 58785 | Vaults:4 | Found Xycu's Food Emporium.
 58842 | Vaults:4 | Reached skill level 23 in Stealth
 58883 | Vaults:4 | Reached XP level 23. HP: 198/198 MP: 42/42
 58930 | Vaults:4 | Got a distressingly furry ring mail
 59007 | Vaults:4 | Identified the cursed +1 ring mail of Mental Paralysis {rPois rC+ MR-} (You found it on level 4 of the Vaults)
 59976 | Shoals:2 | Reached skill level 24 in Stealth
 60028 | Shoals:2 | Got a dazzling trident {vamp}
 60084 | Shoals:2 | Identified the +5 trident of the Grey Skies {vamp, rC+ Int+4} (You took it off a merfolk siren on level 2 of the Shoals)
 61156 | Shoals:3 | Reached skill level 25 in Stealth
 61634 | Shoals:4 | Entered Level 4 of the Shoals
 61762 | Shoals:4 | Got a barnacled rune of Zot
 61874 | Shoals:4 | Reached skill level 10 in Shields
 62211 | Shoals:4 | Noticed Ilsuiw
 62242 | Shoals:4 | Killed Ilsuiw
 63357 | Depths:1 | Noticed a golden dragon
 63379 | Depths:1 | Killed a golden dragon
 63546 | Depths:1 | Found a gateway to Hell.
 63602 | Depths:1 | Noticed Asterion
 63612 | Depths:1 | Killed Asterion
 63748 | Depths:1 | Reached XP level 24. HP: 206/206 MP: 40/42
 64581 | Depths:1 | Identified Buhe's Papyrus of Creative Bewitchment
 64684 | Depths:1 | Found a gateway to a ziggurat.
 64692 | Depths:1 | Gained mutation: Potions are less effective at restoring your health. [a shining eye]
 64692 | Depths:1 | Gained mutation: You tend to lose your temper in combat. [a shining eye]
 64776 | Depths:1 | Lost mutation: Your flesh is cold resistant. (rC+) [potion of mutation]
 64776 | Depths:1 | Lost mutation: Your tail ends in a poisonous barb. [potion of mutation]
 64776 | Depths:1 | Gained mutation: You have a somewhat thin skeletal structure. (Dex +2, Stealth) [potion of mutation]
 64776 | Depths:1 | Gained mutation: Your muscles are strong. (Str +2) [potion of mutation]
 64777 | Depths:1 | Lost mutation: You have a somewhat thin skeletal structure. (Dex +2, Stealth) [potion of mutation]
 64777 | Depths:1 | Lost mutation: You tend to lose your temper in combat. [potion of mutation]
 64777 | Depths:1 | Lost mutation: Your muscles are strong. (Str +2) [potion of mutation]
 64777 | Depths:1 | Gained mutation: Your mind is acute. (Int +2) [potion of mutation]
 64777 | Depths:1 | Gained mutation: You are agile. (Dex +2) [potion of mutation]
 64777 | Depths:1 | Gained mutation: Your spells are a little harder to cast, but a little more powerful. [potion of mutation]
 64778 | Depths:1 | Lost mutation: Potions are less effective at restoring your health. [potion of mutation]
 64778 | Depths:1 | Lost mutation: Your mind is acute. (Int +2) [potion of mutation]
 64778 | Depths:1 | Gained mutation: You have sharp fingernails. [potion of mutation]
 65748 | Depths:2 | Got a clouded granite ring
 65749 | Depths:2 | Identified the ring "Rorghoes" {rC++ Str-5 SInv Stlth+} (You took it off a yaktaur captain on level 2 of the Depths)
 66140 | Depths:2 | Found a runed door.
 66144 | Depths:2 | Noticed a juggernaut
 66148 | Depths:2 | Paralysed by a floating eye for 2 turns
 66156 | Depths:2 | Killed a juggernaut
 66797 | Depths:3 | Reached skill level 15 in Shields
 67815 | Depths:3 | Reached XP level 25. HP: 212/212 MP: 39/42
 68022 | Depths:3 | Found a one-way gate leading to the halls of Pandemonium.
 68746 | Elf:1    | Noticed Agnes
 68755 | Elf:1    | Killed Agnes
 69326 | Elf:1    | Noticed Nikola
 69339 | Elf:1    | Killed Nikola
 69394 | Elf:1    | Noticed Kirke
 69407 | Elf:1    | Killed Kirke
 69781 | Elf:2    | Found Weubejie's Magic Scroll Shoppe.
 69783 | Elf:2    | Found Wiparuat's Antique Weapon Emporium.
 69785 | Elf:2    | Found Runoox's Food Shoppe.
 69794 | Elf:2    | Bought a scroll of enchant armour for 112 gold pieces
 69794 | Elf:2    | Bought a scroll of identify for 30 gold pieces
 69794 | Elf:2    | Bought a scroll of magic mapping for 52 gold pieces
 69794 | Elf:2    | Bought 3 scrolls of enchant armour for 337 gold pieces
 69794 | Elf:2    | Bought a scroll of identify for 30 gold pieces
 69794 | Elf:2    | Bought a scroll of enchant armour for 112 gold pieces
 70019 | Elf:2    | Found a huge runed gate.
 70019 | Elf:2    | Found a huge runed gate.
 70019 | Elf:2    | Found a huge runed gate.
 70019 | Elf:2    | Found a huge runed gate.
 70021 | Elf:2    | Found a huge runed gate.
 70891 | Elf:3    | Entered Level 3 of the Elven Halls
 71113 | Elf:3    | Identified Elonumm's Almanac of Toxic Enhancements
 71363 | Elf:3    | Lost mutation: Your spells are a little harder to cast, but a little more powerful. [a neqoxec]
 71709 | Elf:3    | Got an iridescent dagger {venom}
 71710 | Elf:3    | Identified the cursed +0 dagger "Oriyzooz" {venom, rElec rF+ Int+8 Stlth+} (You took it off a deep elf elementalist on level 3 of the Elven Halls)
 71753 | Elf:3    | Got an encrusted ring mail
 71754 | Elf:3    | Identified the +4 ring mail of Unambiguity {*Drain rCorr Stlth+} (You took it off a deep elf blademaster on level 3 of the Elven Halls)
 71800 | Elf:3    | Identified the Guide on Shifting Malediction
 71808 | Elf:3    | Learned a level 6 spell: Iron Shot
 71828 | Elf:3    | Reached XP level 26. HP: 234/237 MP: 14/42
 72031 | Elf:3    | Identified the Incunabulum of the Dislocated Oath
 72049 | Elf:3    | Identified the Catalogue of the Ghastly Glacier
 72597 | Vaults:5 | Entered Level 5 of the Vaults
 72647 | Vaults:4 | Reached skill level 15 in Fighting
 73411 | Vaults:5 | Reached skill level 1 in Necromancy
 73527 | Vaults:5 | Reached skill level 5 in Necromancy
 73744 | Vaults:5 | Noticed Mara
 73745 | Vaults:5 | Noticed Lapis's illusion
 73749 | Vaults:5 | Killed Mara
 74035 | Vaults:5 | Reached skill level 10 in Necromancy
 74178 | Vaults:5 | Got a brightly glowing chain mail
 74179 | Vaults:5 | Identified the +5 chain mail of Panentheism {Str+4 Int+6 Dex-5 SInv} (You took it off Mara on level 5 of the Vaults)
 74189 | Vaults:5 | Got a heavily jewelled robe
 74190 | Vaults:5 | Identified the +1 robe of the Unseen Realm {rC++} (You took it off an ironheart preserver on level 5 of the Vaults)
 74250 | Vaults:5 | Noticed an ancient lich
 74256 | Vaults:5 | Reached XP level 27. HP: 260/260 MP: 10/42
 74262 | Vaults:5 | Killed an ancient lich
 74671 | Vaults:5 | Got a silver rune of Zot
 75373 | Hell     | Entered the Vestibule of Hell
 75373 | Hell     | Noticed Geryon
 75639 | Hell     | Noticed Murray
 75757 | Depths:1 | Killed Murray
 75808 | Hell     | Reached skill level 10 in Transmutations
 76301 | Depths:1 | Learned a level 8 spell: Necromutation
 77014 | Hell     | Killed Geryon
 77145 | Hell     | Found a gateway to the Iron City of Dis.
 77260 | Hell     | Found a gateway to the decaying netherworld of Tartarus.
 77411 | Hell     | Found a gateway to the freezing wastes of Cocytus.
 77593 | Hell     | Found a gateway to the ashen valley of Gehenna.
 78156 | Depths:4 | Reached skill level 5 in Hexes
 78370 | Depths:4 | Got a dazzling large shield
 78371 | Depths:4 | Identified the +2 large shield of Xumadid {rC+ Str-5 Int+3} (You acquired it on level 4 of the Depths)
 78795 | Depths:5 | Entered Level 5 of the Depths
 78867 | Depths:5 | Reached skill level 10 in Hexes
 79534 | Depths:5 | Found a gate to the Realm of Zot.
 79958 | Depths:5 | Got a coiled golden ring
 79959 | Depths:5 | Identified the ring of Liberty {+Inv MR- Str+2 Int+4 Slay+2} (You found it on level 5 of the Depths)
 80016 | Depths:5 | Learned a level 1 spell: Apportation
 80111 | Depths:5 | Found a viscous altar of Jiyva.
 80481 | Zot:1    | Entered Level 1 of the Realm of Zot
 81105 | Depths:4 | Noticed Louise
 81110 | Depths:4 | Found a one-way gate to the infinite horrors of the Abyss.
 81115 | Depths:4 | Killed Louise
 81175 | Depths:4 | Voluntarily entered the Abyss.
 81465 | Abyss:1  | Gained mutation: You do not regenerate when monsters are visible. [a neqoxec]
 81477 | Abyss:1  | Lost mutation: You are agile. (Dex +2) [potion of mutation]
 81477 | Abyss:1  | Lost mutation: You do not regenerate when monsters are visible. [potion of mutation]
 81477 | Abyss:1  | Lost mutation: You have sharp fingernails. [potion of mutation]
 81477 | Abyss:1  | Gained mutation: You can exhale a cloud of poison. [potion of mutation]
 81477 | Abyss:1  | Gained mutation: You have sharp fingernails. [potion of mutation]
 82905 | Abyss:1  | Found a corrupted altar of Lugonu.
 83055 | Abyss:2  | Got a shimmering scale mail
 83056 | Abyss:2  | Identified the +6 scale mail "Daluk" {rPois rN+ rCorr Int-5} (You found it on level 2 of the Abyss)
 83409 | Abyss:3  | Found a sacrificial altar of Ru.
 83580 | Abyss:3  | Paralysed by accursed screaming for 1 turns
 83738 | Abyss:3  | Found a burning altar of Makhleb.
 83994 | Abyss:4  | Paralysed by accursed screaming for 1 turns
 84695 | Abyss:4  | Reached skill level 15 in Short Blades
 85246 | Abyss:4  | Gained mutation: You are dopey. (Int -2) [a neqoxec]
 85278 | Abyss:4  | Found a corrupted altar of Lugonu.
 85352 | Abyss:4  | Found a corrupted altar of Lugonu.
 85354 | Abyss:4  | Got an abyssal rune of Zot
 85631 | Depths:4 | Escaped the Abyss
 85718 | Depths:4 | Lost mutation: You can exhale a cloud of poison. [potion of mutation]
 85718 | Depths:4 | Lost mutation: You are dopey. (Int -2) [potion of mutation]
 85718 | Depths:4 | Lost mutation: You have sharp fingernails. [potion of mutation]
 85718 | Depths:4 | Gained mutation: You occasionally shout uncontrollably at your foes. [potion of mutation]
 85718 | Depths:4 | Gained mutation: Your mind is acute. (Int +2) [potion of mutation]
 85719 | Depths:4 | Lost mutation: Your mind is acute. (Int +2) [potion of mutation]
 85719 | Depths:4 | Lost mutation: You occasionally shout uncontrollably at your foes. [potion of mutation]
 85719 | Depths:4 | Gained mutation: Your body sometimes deteriorates upon taking damage. [potion of mutation]
 85719 | Depths:4 | Gained mutation: You have a somewhat thin skeletal structure. (Dex +2, Stealth) [potion of mutation]
 85719 | Depths:4 | Gained mutation: Your flesh is cold resistant. (rC+) [potion of mutation]
 85720 | Depths:4 | Lost mutation: Your body sometimes deteriorates upon taking damage. [potion of mutation]
 85720 | Depths:4 | Lost mutation: Your flesh is cold resistant. (rC+) [potion of mutation]
 85720 | Depths:4 | Gained mutation: You are clumsy. (Dex -2) [potion of mutation]
 85720 | Depths:4 | Lost mutation: You are clumsy. (Dex -2) [potion of mutation]
 85720 | Depths:4 | Gained mutation: You passively map a small area around you. [potion of mutation]
 86098 | Depths:4 | Found a portal to a secret trove of treasure.
 86174 | Depths:4 | You paid a toll of a +6 demon whip to enter a treasure trove
 86175 | Trove    | Entered a treasure trove
 86181 | Trove    | Found the +8 orange crystal plate armour {Archmagi, Int+3 Clar}
 86542 | Depths:4 | Got an encrusted ring mail
 86543 | Depths:4 | Identified the +2 ring mail of the Crypt {*Contam rF+ rC+ Int+3} (You found it on level 4 of the Depths)
 86553 | Depths:4 | Found a burning altar of Makhleb.
 86747 | Depths:4 | Found a runed door.
 86750 | Depths:4 | Found a runed door.
 89043 | Zot:3    | Reached skill level 10 in Armour
 91545 | Tomb:1   | Noticed a greater mummy
 91550 | Tomb:1   | Noticed a greater mummy
 91550 | Tomb:1   | Noticed a greater mummy
 91551 | Tomb:1   | Noticed a greater mummy
 91563 | Tomb:1   | Killed a greater mummy
 91566 | Tomb:1   | Noticed a greater mummy
 91576 | Tomb:1   | Killed a greater mummy
 91760 | Tomb:1   | Noticed a greater mummy
 91764 | Tomb:1   | Killed a greater mummy
 91913 | Tomb:1   | Killed a greater mummy
 91918 | Tomb:1   | Killed a greater mummy
 92119 | Tomb:1   | Noticed a greater mummy
 92124 | Tomb:1   | Noticed Mennas
 92125 | Tomb:1   | Noticed a greater mummy
 92126 | Tomb:1   | Noticed a greater mummy
 92136 | Tomb:1   | Killed a greater mummy
 92146 | Tomb:1   | Killed a greater mummy
 92161 | Tomb:1   | Killed Mennas
 92170 | Tomb:1   | Killed a greater mummy
 92219 | Tomb:1   | Noticed a greater mummy
 92370 | Tomb:1   | Noticed a greater mummy
 92374 | Tomb:1   | Noticed a greater mummy
 92375 | Tomb:1   | Killed a greater mummy
 92801 | Tomb:1   | Noticed a greater mummy
 92808 | Tomb:1   | Killed a greater mummy
 93230 | Tomb:1   | Killed a greater mummy
 93293 | Tomb:1   | Killed a greater mummy
 93640 | Tomb:1   | Killed a greater mummy
 93810 | Tomb:2   | Noticed a greater mummy
 93816 | Tomb:2   | Killed a greater mummy
 93890 | Tomb:2   | Noticed a greater mummy
 93896 | Tomb:2   | Killed a greater mummy
 93896 | Tomb:2   | Reached skill level 10 in Long Blades
 94014 | Tomb:2   | Noticed a greater mummy
 94019 | Tomb:2   | Noticed a greater mummy
 94021 | Tomb:2   | Killed a greater mummy
 94024 | Tomb:2   | Killed a greater mummy
 95153 | Pan      | Entered Pandemonium
 95636 | Pan      | Noticed Weontafu the pandemonium lord
 95653 | Pan      | Killed Weontafu the pandemonium lord
 96096 | Pan      | Found a runed door.
 96103 | Pan      | Got a demonic rune of Zot
 96462 | Pan      | Reached skill level 15 in Long Blades
 96720 | Pan      | Gained mutation: You are partially covered in large bone plates. (SH +4) [a neqoxec]
 97212 | Pan      | Noticed Hauq the pandemonium lord
 97219 | Pan      | Killed Hauq the pandemonium lord
 97686 | Pan      | Noticed Pextel the pandemonium lord
 97692 | Pan      | Killed Pextel the pandemonium lord
 98433 | Pan      | Reached skill level 15 in Invocations
 98665 | Pan      | Noticed Nosef the pandemonium lord
 98718 | Pan      | Killed Nosef the pandemonium lord
 99118 | Pan      | Gained mutation: Your magical capacity is low. (-10% MP) [a neqoxec]
 99118 | Pan      | Gained mutation: You are weak. (Str -2) [a neqoxec]
 99201 | Pan      | Identified the Incunabulum of Frigorific Feathers
 99207 | Pan      | Learned a level 2 spell: Ensorcelled Hibernation
 99297 | Pan      | Gained mutation: You are very weak. (Str -4) [a neqoxec]
 99298 | Pan      | Gained mutation: Your body sometimes deteriorates upon taking damage. [a neqoxec]
100021 | Pan      | Noticed Nenguq the pandemonium lord
100039 | Pan      | Killed Nenguq the pandemonium lord
101269 | Pan      | Noticed Dubink the pandemonium lord
101275 | Pan      | Killed Dubink the pandemonium lord
102607 | Pan      | Got a brightly glowing iron ring
102608 | Pan      | Identified the ring "Wuhiuxao" {+Inv rC- MR+ Str+6} (You took it off a balrug in Pandemonium)
103697 | Pan      | Entered the realm of Lom Lobon.
103905 | Pan      | Found an exit through the horrors of the Abyss.
104048 | Pan      | Got a fine iron amulet
104049 | Pan      | Identified the amulet "Nanageablo" {Gourm +Blink Slay-4 Stlth+} (You found it in Pandemonium)
104534 | Pan      | Noticed Lom Lobon
104549 | Pan      | Killed Lom Lobon
104812 | Pan      | Got a magical rune of Zot
105309 | Pan      | Noticed Kilionad the pandemonium lord
105316 | Pan      | Killed Kilionad the pandemonium lord
105746 | Pan      | Gained mutation: You are frail. (-10% HP) [a cacodemon]
105965 | Pan      | Cast into level 2 of the Abyss (lajatang of distortion)
105965 | Abyss:2  | Found a corrupted altar of Lugonu.
105973 | Pan      | Escaped the Abyss
105987 | Pan      | Got a smoking large shield
105994 | Pan      | Identified the +3 large shield "Zasac" {rElec Str-5 Dex+5 Slay+4} (You acquired it in Pandemonium)
106388 | Pan      | Found an exit through the horrors of the Abyss.
106524 | Pan      | Noticed Simalom the pandemonium lord
106530 | Pan      | Killed Simalom the pandemonium lord
106577 | Pan      | Found an exit through the horrors of the Abyss.
106717 | Pan      | Noticed Lehaorey the pandemonium lord
106723 | Pan      | Killed Lehaorey the pandemonium lord
106779 | Pan      | Got a warped steel ring
106780 | Pan      | Identified the ring of Atuczos {rN+ MR+ Str+2} (You found it in Pandemonium)
107922 | Pan      | Noticed a seraph
107934 | Pan      | Killed a seraph
108078 | Pan      | Found a glowing golden altar of the Shining One.
108183 | Pan      | Learned a level 8 spell: Ignition
108252 | Pan      | Got a transparent platinum ring
108253 | Pan      | Identified the ring "Zytoe" {rC++ rN+ Dex+4} (You took it off an angel in Pandemonium)
108260 | Pan      | Identified Qefrani's Grimoire of Self-Knowledge
108263 | Pan      | Got a glittering platinum ring
108264 | Pan      | Identified the cursed ring of Kikubaaqudgha's Pride {rPois rC+++ Str-3 Int+3 Dex-3} (You took it off an angel in Pandemonium)
108267 | Pan      | Identified the Volume of the Mountains
108339 | Pan      | Reached skill level 1 in Fire Magic
108419 | Depths:3 | Escaped Pandemonium
108438 | Pan      | Entered Pandemonium
108543 | Pan      | Entered the realm of Mnoleg.
108587 | Pan      | Reached skill level 5 in Fire Magic
108694 | Pan      | Found an exit through the horrors of the Abyss.
109050 | Pan      | Noticed Mnoleg
109067 | Pan      | Mangled by Mnoleg

Skill      XL: |  1  2  3  4  5  6  7  8  9 10 11 12 13 14 15 16 17 18 19 20 21 22 23 24 25 26 27 |
---------------+----------------------------------------------------------------------------------+-----
Earth Magic    | 4 5 7 8 9 10 11 12 13 14 15 17 20 | 20.0
Conjurations   | 1 2 3 4 5 6 7 8 9 10 11 15 17 | 17.6
Shields        | 1 3 4 8 9 12 15 | 15.0
Spellcasting   | 3 4 6 7 8 9 10 11 12 13 15 21 | 21.0
Hexes          | 2 4 11 | 11.0
Invocations    | 1 4 5 6 8 9 10 16 | 16.0
Fighting       | 1 3 4 5 6 7 10 14 18 22 | 22.1
Armour         | 4 5 11 | 11.5
Transmutations | 4 5 6 14 | 14.0
Stealth        | 5 10 14 15 22 23 25 | 25.0
Short Blades   | 3 4 9 10 15 | 15.6
Poison Magic   | 2 |  2.3
Dodging        | 3 6 7 8 10 11 | 11.5
Long Blades    | 8 18 | 18.2
Evocations     | 10 | 10.0
Necromancy     | 10 14 | 14.0
Fire Magic     | 6 |  6.7

Action                   |  1- 3 |  4- 6 |  7- 9 | 10-12 | 13-15 | 16-18 | 19-21 | 22-24 | 25-27 || total
-------------------------+-------+-------+-------+-------+-------+-------+-------+-------+-------++-------
Melee: Dagger            |    59 |    30 |   233 |   157 |   407 |   542 |   972 |  1531 |  3286 ||  7217
       Unarmed           |     1 |       |       |       |       |       |       |       |       ||     1
       Tailslap          |       |       |    20 |    34 |   168 |   308 |   534 |   369 |       ||  1433
       Flail             |       |       |       |    10 |       |       |       |       |       ||    10
       Constrict         |       |       |       |       |    72 |   181 |   227 |   191 |   667 ||  1338
       Staff             |       |       |       |       |    21 |     8 |       |       |       ||    29
       Scimitar          |       |       |       |       |       |   185 |   284 |       |       ||   469
       Eudemon blade     |       |       |       |       |       |       |       |       |  1326 ||  1326
Throw: Stone             |     1 |       |       |       |       |       |       |       |       ||     1
 Cast: Sandblast         |     8 |    77 |   219 |   127 |   197 |     4 |       |       |       ||   632
       Stone Arrow       |       |       |     2 |   150 |   346 |   165 |     3 |     1 |       ||   667
       Lee's Rapid Decon |       |       |     2 |    42 |   113 |   243 |    86 |   106 |   462 ||  1054
       Confuse           |       |       |     6 |     5 |     2 |     9 |       |       |    54 ||    76
       Tukima's Dance    |       |       |     2 |     1 |       |       |       |       |       ||     3
       Passwall          |       |       |     2 |       |     5 |     7 |       |       |    10 ||    24
       Petrify           |       |       |       |     3 |    17 |    45 |     2 |     8 |    57 ||   132
       Mephitic Cloud    |       |       |       |       |    23 |     4 |       |     3 |     2 ||    32
       Borgnjor's Vile C |       |       |       |       |     4 |     1 |       |       |       ||     5
       Regeneration      |       |       |       |       |       |     3 |     1 |     3 |     6 ||    13
       Statue Form       |       |       |       |       |       |    82 |   137 |   132 |  1037 ||  1388
       Blink             |       |       |       |       |       |    12 |     2 |     2 |    33 ||    49
       Lehudib's Crystal |       |       |       |       |       |       |       |    54 |   660 ||   714
       Iron Shot         |       |       |       |       |       |       |       |       |    34 ||    34
       Necromutation     |       |       |       |       |       |       |       |       |    34 ||    34
       Apportation       |       |       |       |       |       |       |       |       |     1 ||     1
Invok: Bend Time         |       |       |       |       |     4 |       |     7 |     4 |     3 ||    18
       Slouch            |       |       |       |       |     5 |     2 |     6 |     7 |     9 ||    29
 Abil: Spit Poison       |     1 |     2 |     6 |    18 |    11 |       |     1 |     1 |     4 ||    44
       Evoke Blink       |       |       |       |       |       |       |       |       |     7 ||     7
       End Transformatio |       |       |       |       |       |       |       |       |     2 ||     2
Evoke: Phantom mirror    |       |       |       |       |       |       |       |       |     1 ||     1
  Use: Scroll            |     3 |     5 |     9 |     4 |    25 |    14 |     5 |     4 |    71 ||   140
       Potion            |       |       |     1 |       |     5 |       |       |     4 |     9 ||    19
 Stab: Sleeping          |     8 |     2 |    10 |     7 |    11 |    20 |    29 |    30 |    67 ||   184
       Distracted        |     1 |       |       |     1 |       |       |     1 |     7 |    44 ||    54
       Confused          |       |       |       |       |     9 |     4 |       |     4 |    30 ||    47
       Petrified         |       |       |       |       |       |     1 |       |       |    13 ||    14
       Petrifying        |       |       |       |       |       |       |       |       |     6 ||     6
  Eat: Chunk             |       |     5 |    11 |    18 |    13 |     7 |     8 |     8 |     5 ||    75
       Ration            |       |       |     1 |     1 |     4 |     8 |     5 |     9 |    28 ||    56
Armor: Robe              |    11 |    17 |    94 |     2 |       |    78 |     8 |    22 |   292 ||   524
       Leather armour    |       |       |       |   120 |       |       |       |       |       ||   120
       Troll leather arm |       |       |       |    32 |   222 |     6 |       |       |       ||   260
       Skin              |       |       |       |       |       |   328 |   601 |   619 |  2157 ||  3705
Dodge: Dodged            |    36 |    36 |   104 |   162 |   336 |   797 |   994 |   991 |  3450 ||  6906
Block: Buckler           |       |     8 |    58 |   109 |    61 |       |       |       |       ||   236
       Shield            |       |       |       |       |   451 |   868 |  1206 |  1301 |       ||  3826
       Reflection        |       |       |       |       |       |       |    68 |    78 |       ||   146
       Large shield      |       |       |       |       |       |       |       |    47 |  7415 ||  7462
       Rpst.: Scimitar   |       |       |       |       |       |    45 |    76 |       |       ||   121
       Eudemon blade     |       |       |       |       |       |       |       |       |   122 ||   122
